[Event "Live Chess"]
[Site "Chess.com"]
[Date "2023.09.16"]
[Round "-"]
[White "Gabriel0298"]
[Black "abcgames2904"]
[Result "0-1"]
[WhiteElo "1593"]
[BlackElo "1203"]
[TimeControl "900+5"]
[EndTime "16:14:02 PDT"]
[Termination "abcgames2904 venceu por desistência"]

1. e4 e5 2. Nf3 Nc6 3. Bc4 Nf6 4. O-O Be7 5. d3 O-O 6. Bg5 Ng4 7. Bxe7 Qxe7 8. h3 Nf6 9. c3 a6 10. Nbd2 b5 11. Bb3 Bb7 12. Re1 d6 13. d4 exd4 14.
cxd4 a5 15. d5 Ne5 16. Nxe5 Qxe5 17. Rc1 Qxb2 18. Rxc7 Rab8 19. Nf3 a4 20. Qc2 Qxc2 21. Bxc2 Rfe8 22. Ng5 Rf8 23. e5 Nxd5 24. Bxh7+ Kh8 25. Be4 Nxc7 26. Bxb7 Rxb7 27. exd6 Ne8 28. Nxf7+ Rfxf7 29. Rxe8+ Kh7 30. g4 Rbd7 31. Rb8 Rxd6 32. Rxb5 Rf3 33. Rh5+ Rh6 34. Ra5 Ra3 0-1

[Event "Live Chess"]
[Site "Chess.com"]
[Date "2023.09.16"]
[Round "-"]
[White "GustavoFarinha"]
[Black "Japaawz"]
[Result "1-0"]
[WhiteElo "1692"]
[BlackElo "413"]
[TimeControl "900+5"]
[EndTime "16:15:04 PDT"]
[Termination "GustavoFarinha venceu por desistência"]

1. e4 e5 2. Nf3 Nc6 3. Bc4 Nh6 4.
O-O Bd6 5. d3 O-O 6. Bxh6 gxh6 7. c3 Na5 8. Bb5 Kh8 9. Ba4 Rg8 10. Nbd2 Rg5 11. Nxg5 hxg5 12. Qh5 Bc5 13. Nf3 Be7 14. Nxe5 d6 15. Nxf7+ Kg8 16. Nxd8 Bxd8 17. Qe8+ Kg7 18. Qxd8 a6 19. Qxc7+ 1-0

[Event "Live Chess"]
[Site "Chess.com"]
[Date "2023.09.16"]
[Round "-"]
[White "Lucas-LGM"]
[Black "samurai0718"]
[Result "0-1"]
[WhiteElo "1569"]
[BlackElo "1348"]
[TimeControl "900+5"]
[EndTime "16:15:20 PDT"]
[Termination "samurai0718 venceu por desistência"]

1. e4 c5 2. Nf3 d6 3. Bc4 a6 4. d4 b5 5. Be2 cxd4 6. Nxd4 Nf6 7. Bd3 Bb7 8. Qe2 g6 9. a3 Bg7 10. Nf3 O-O 11. Nc3 e6 12. O-O Qc7 13. Bd2 d5 14. exd5 exd5 15. Be3 Re8 16. Qd2 d4 17. Bxd4 Bxf3 18. Bxf6 Bc6 19. Bxg7 Kxg7 20. Rfe1 Nd7 21. Re2 Nf6 22. Rae1 Rxe2 23. Rxe2 Ng4 24. g3 Bf3 25. Re1 Rd8 26. h3 Nf6 27. Qe3 Re8 28. Qd2 Rd8 29.
Re3 Qb7 30. Qe1 Bg2 31. Bf1 Bh1 32. f3 Bxf3 33. Qf2 Bc6 34. Bg2 Bxg2 35. Qxg2 Qb6 36.
Qe2 Re8 37. Kf2 a5 38. Nxb5 Ne4+ 39. Kg2 f5 40. Rb3 Qc6 41. Kh2 Nxg3 42. Qd3 Re2+ 43.
Kxg3 Qg2+ 44. Kh4 Re4+ 45. Qxe4 Qxe4+ 46. Kg3 f4+ 47. Kf2 Qxc2+ 0-1

[Event "Live Chess"]
[Site "Chess.com"]
[Date "2023.09.16"]
[Round "-"]
[White "Cocecion"]
[Black "Cantalicioo"]
[Result "0-1"]
[WhiteElo "1651"]
[BlackElo "1584"]
[TimeControl "900+5"]
[EndTime "16:16:24 PDT"]
[Termination "Cantalicioo venceu por desistência"]

1. e4 c5 2. Nf3 g6 3. d4 cxd4 4. Nxd4 Bg7 5. Nc3 Nc6 6. Nb3 Nf6 7. Be3 a6 8. f3 O-O 9. Bc4 b5 10. Bd5 Nxd5 11. Qxd5 Bb7 12. Qd2 e6 13. O-O-O b4 14.
Na4 d5 15. exd5 exd5 16. Qxd5 Qxd5 17. Rxd5 Rfe8 18. Bf4 Re2 19. Nac5 Bc8 20. Rd2 Rxd2 21. Nxd2 Nd4 22. Re1 Bf5 23. Nde4 Rc8 24. g4 Bxe4 25. Rxe4 Rxc5 26. Re8+ Bf8 27. Bh6 Ne6 28. f4 f5 29.
Bxf8 Nxf8 30. gxf5 Rxf5 31. Re4 a5 32. Kd2 Nd7 33.
h4 Nc5 34. Rc4 Kf7 35. Ke3 Ke6 36. Kd4 Rxf4+ 37. Kxc5 Rxc4+ 38. Kxc4 Kf5 0-1

[Event "Live Chess"]
[Site "Chess.com"]
[Date "2023.09.16"]
[Round "-"]
[White "Joasgodoy"]
[Black "silvaaps"]
[Result "0-1"]
[WhiteElo "675"]
[BlackElo "767"]
[TimeControl "900+5"]
[EndTime "16:17:21 PDT"]
[Termination "silvaaps venceu por xeque-mate"]

1. e4 d5 2. exd5 Qxd5 3. Nf3 Qe6+ 4. Be2 Nc6 5. Nc3 Nd4 6. O-O Nxe2+ 7. Qxe2 Qxe2 8.
Nxe2 Bg4 9. Nfd4 Bxe2 10. Nxe2 O-O-O 11. d3 e6 12. Nc3 Bb4 13. a3 Bxc3 14. bxc3 Nf6 15.
Bg5 h6 16. Bh4 g5 17. Bg3 Nd5 18. Be5 f6 19. Bd4 e5 20. Bxa7 b6 21. c4 Nc3 22. a4 Kb7 23. Ra3 Ne2+ 24. Kh1 Kxa7 25. Rb1 Rd7 26. a5 Kb7 27. a6+ Ka7 28. c5 Rhd8 29.
cxb6+ cxb6 30. c4 e4 31. c5 exd3 32. Rxb6 d2 33. Rb7+ Rxb7 34. axb7+ Kxb7 35. Rb3+ Kc6 36. Rb6+ Kxc5 37. Rxf6 d1=Q# 0-1

[Event "Live Chess"]
[Site "Chess.com"]
[Date "2023.09.16"]
[Round "-"]
[White "FerreiraPedro"]
[Black "IMelefante38"]
[Result "1-0"]
[WhiteElo "1397"]
[BlackElo "781"]
[TimeControl "900+5"]
[EndTime "16:17:48 PDT"]
[Termination "FerreiraPedro venceu - partida abandonada"]

1. e4 d5 2. Nf3 dxe4 3. Ng5 Nf6 4. d3 h6 5. Nxe4 Nc6 6. Nxf6+ exf6 7. Bf4 Bc5 8. Nc3 O-O 9. Qf3 Re8+ 10. Be2 Ne5 11.
Bxe5 Rxe5 12. O-O h5 13. Rad1 Bh3 14. gxh3 Rg5+ 15. Kh1 1-0

[Event "Live Chess"]
[Site "Chess.com"]
[Date "2023.09.16"]
[Round "-"]
[White "guto-XVI"]
[Black "Frogstetic"]
[Result "0-1"]
[WhiteElo "1489"]
[BlackElo "2015"]
[TimeControl "900+5"]
[EndTime "16:18:37 PDT"]
[Termination "Frogstetic venceu por desistência"]

1. Nf3 Nf6 2. d4 g6 3. c4 Bg7 4. Nc3 O-O 5. g3 d6 6. Bg2 c6 7.
O-O d5 8. cxd5 Nxd5 9. e4 Nxc3 10. bxc3 Be6 11. Re1 Qd7 12. Ng5 Bc4 13. Nf3 c5 14. dxc5 Qxd1 15. Rxd1 Bxc3 16. Rb1 Bxa2 17. Rxb7 Nc6 18. Rc7 Rfc8 19. Rxc8+ Rxc8 20. Be3 a5 21. e5 Nxe5 22. Nxe5 Bxe5 23. c6 a4 24. Bb6 a3 25.
Rd8+ Rxd8 26. Bxd8 Be6 0-1

[Event "Live Chess"]
[Site "Chess.com"]
[Date "2023.09.16"]
[Round "-"]
[White "Mell46"]
[Black "Jonas_Rodrigues"]
[Result "1-0"]
[WhiteElo "1406"]
[BlackElo "1282"]
[TimeControl "900+5"]
[EndTime "16:18:58 PDT"]
[Termination "Mell46 venceu por xeque-mate"]

1. e4 e5 2. Nf3 Nc6 3. Bc4 Nf6 4. d3 Be7 5. Nc3 O-O 6. Nd5 Nxd5 7. Bxd5 Nb4 8. Bc4 d6 9. a3 Nc6 10. h3 Nd4 11. c3 b5 12. Bxf7+ Rxf7 13. cxd4 exd4 14. Nxd4 Qf8 15. Qb3 Kh8 16. O-O Rf6 17. Bg5 Rg6 18. Bxe7 Qe8 19. Nf5 Bxf5 20. exf5 Rh6 21. Rae1 Qd7 22.
Qd5 Re8 23. Bg5 c6 24. Rxe8+ Qxe8 25. Qe4 Qxe4 26. dxe4 Rh5 27. h4 h6 28. g4 hxg5 29. gxh5 gxh4 30. Kh2 Kh7 31. Kh3 Kh6 32. Kxh4 Kh7 33.
Kg5 Kg8 34. Kg6 d5 35. f6 gxf6 36. Kxf6 Kh7 37. Rg1 Kh6 38. Kf5 d4 39. e5 d3 40. e6 d2 41. e7 a5 42. e8=Q d1=Q 43.
Qh8# 1-0

[Event "Live Chess"]
[Site "Chess.com"]
[Date "2023.09.16"]
[Round "-"]
[White "Tercette"]
[Black "stopgivingup"]
[Result "0-1"]
[WhiteElo "157"]
[BlackElo "975"]
[TimeControl "900+5"]
[EndTime "16:18:59 PDT"]
[Termination "stopgivingup venceu por xeque-mate"]

1. e4 c5 2. Bc4 e6 3. Qh5 Nf6 4. Qg5 h6 5. Qf4 d5 6. Ne2 dxc4 7. O-O Bd6 8. Qe3 Nbd7 9. d4 cxd4 10. Nxd4 a6 11. Bd2 Qc7 12. Qe1 Bxh2+ 13. Kh1 Be5 14. Ba5 b6 15. Bb4 Bxd4 16. e5 Bxe5 17. Nc3 Ng4 18.
Na4 Bc3 19. Qxc3 Qh2# 0-1

[Event "Live Chess"]
[Site "Chess.com"]
[Date "2023.09.16"]
[Round "-"]
[White "MNPedroh"]
[Black "Gustavoksbr"]
[Result "0-1"]
[WhiteElo "1852"]
[BlackElo "1908"]
[TimeControl "900+5"]
[EndTime "16:19:03 PDT"]
[Termination "Gustavoksbr venceu por desistência"]

1. e4 e5 2. Nf3 Nc6 3. Bc4 Nf6 4. d3 Bc5 5. Nc3 d6 6. Ne2 Bg4 7. Ng3 Nd4 8. c3 Nxf3+ 9. gxf3 Bh3 10. d4 exd4 11. cxd4 Bb4+ 12. Bd2 Bxd2+ 13. Kxd2 O-O 14. Rg1 d5 15. exd5 Nxd5 16. Ne4 Nb6 17. Kc3 Nxc4 18.
Kxc4 b5+ 19. Kc3 b4+ 20. Kxb4 Rb8+ 21. Kc3 Qe7 22. a3 Be6 23. b4 Rfd8 24. Nc5 Rb6 25. Qd2 Qf6 26. Qe3 a5 27. Rg3 axb4+ 28. axb4 Rdb8 29.
Ra4 Rc6 30. f4 Rxc5+ 0-1

[Event "Live Chess"]
[Site "Chess.com"]
[Date "2023.09.16"]
[Round "-"]
[White "guto-XVI"]
[Black "Jonas_Rodrigues"]
[Result "1-0"]
[WhiteElo "1496"]
[BlackElo "1278"]
[TimeControl "900+5"]
[EndTime "16:20:46 PDT"]
[Termination "guto-XVI venceu por desistência"]

1. Nf3 Nc6 2. d4 d5 3. c4 Nf6 4. e3 e6 5. Bd3 Be7 6. O-O O-O 7.
cxd5 exd5 8. Nc3 Re8 9. Bc2 Bb4 10. Re1 Bxc3 11. bxc3 b6 12. Qd3 Bb7 13. Nd2 a5 14. e4 dxe4 15. Nxe4 Ba6 16. Qh3 Bc8 17. Qd3 Ba6 18.
Qh3 Bc8 19. Nxf6+ 1-0

[Event "Live Chess"]
[Site "Chess.com"]
[Date "2023.09.16"]
[Round "-"]
[White "Cantalicioo"]
[Black "silvaaps"]
[Result "1-0"]
[WhiteElo "1585"]
[BlackElo "767"]
[TimeControl "900+5"]
[EndTime "16:20:54 PDT"]
[Termination "Cantalicioo venceu por desistência"]

1. d4 d5 2. c4 Nf6 3. Nf3 Bg4 4.
e3 Bxf3 5. Qxf3 c6 6. Nc3 e6 7.
cxd5 cxd5 8. Bb5+ Nbd7 9. O-O a6 10. Ba4 b5 11. Bc2 Qc7 12. e4 dxe4 13. Bxe4 O-O-O 14. Bf4 e5 15. dxe5 Nxe5 16. Bxe5 Qxe5 17. Bb7+ Kd7 18. Rad1+ Ke7 19. Rde1 1-0

[Event "Live Chess"]
[Site "Chess.com"]
[Date "2023.09.16"]
[Round "-"]
[White "Japaawz"]
[Black "Lucas-LGM"]
[Result "0-1"]
[WhiteElo "413"]
[BlackElo "1569"]
[TimeControl "900+5"]
[EndTime "16:20:59 PDT"]
[Termination "Lucas-LGM venceu por xeque-mate"]

1. e3 g6 2. Nh3 Bg7 3. Be2 e5 4. O-O Ne7 5. Ng5 O-O 6. Bc4 d5 7. Bb3 Nec6 8. Qf3 Qxg5 9. Qxd5 Be6 10. Qc5 Bxb3 11. axb3 Nd7 12. Qb5 Qf6 13. Nc3 b6 14. Ra6 Nc5 15. Nd5 Qd6 16. e4 Nxa6 17. Qxa6 Nb4 18.
Nxb4 Qxb4 19. Re1 Bh6 20. Qb7 Bxd2 21. Bxd2 Qxd2 22. Rf1 c5 23. h4 Qxc2 24. g4 Qxb2 25. Rd1 Rfd8 26. Rxd8+ Rxd8 27. h5 Rd1+ 28. Kg2 gxh5 29.
gxh5 Qd2 30. h6 Qxh6 31. Qxa7 Qg5+ 32. Kf3 Qf4+ 33. Ke2 Rd2+ 34. Ke1 Qxf2# 0-1

[Event "Live Chess"]
[Site "Chess.com"]
[Date "2023.09.16"]
[Round "-"]
[White "ViniciusBritoFc"]
[Black "Luisgustavo100"]
[Result "1-0"]
[WhiteElo "1194"]
[BlackElo "944"]
[TimeControl "900+5"]
[EndTime "16:21:31 PDT"]
[Termination "ViniciusBritoFc venceu por xeque-mate"]

1. d4 d5 2. Nc3 Nf6 3. Bg5 e6 4. Bxf6 Qxf6 5. Nf3 c5 6. e3 cxd4 7. exd4 Bb4 8. Bb5+ Nc6 9. Bxc6+ bxc6 10. Qd3 O-O 11. O-O Bb7 12. Ne5 Qe7 13. Na4 f6 14. Nf3 a5 15. c3 Bd6 16. g3 Ba6 17. Qc2 Bxf1 18. Rxf1 c5 19. dxc5 Bxc5 20. Re1 Rfe8 21. a3 Ba7 22. h4 Rad8 23. b4 axb4 24. axb4 Rc8 25. b5 d4 26. c4 Qb4 27. Rc1 e5 28. b6 Bxb6 29. Nxb6 Qxb6 30. Rb1 Qe6 31. Rb4 Rc7 32. c5 Rec8 33. Rb5 Qd5 34. Qa4 Rxc5 35. Rxc5 Rxc5 36. Qe8# 1-0

[Event "Live Chess"]
[Site "Chess.com"]
[Date "2023.09.16"]
[Round "-"]
[White "Gustavoksbr"]
[Black "Tercette"]
[Result "1-0"]
[WhiteElo "1908"]
[BlackElo "157"]
[TimeControl "900+5"]
[EndTime "16:22:06 PDT"]
[Termination "Gustavoksbr venceu por xeque-mate"]

1. e4 e5 2. Nf3 Bc5 3. Nxe5 d6 4.
Nf3 d5 5. exd5 Bg4 6. Be2 Nf6 7. d4 O-O 8. dxc5 Nxd5 9. O-O Nc6 10. c4 Nd4 11. Qxd4 b6 12. Qxg4 bxc5 13. Bh6 Nf6 14. Qxg7# 1-0

[Event "Live Chess"]
[Site "Chess.com"]
[Date "2023.09.16"]
[Round "-"]
[White "Fellipezin"]
[Black "Gabriel0298"]
[Result "0-1"]
[WhiteElo "1593"]
[BlackElo "1601"]
[TimeControl "900+5"]
[EndTime "16:22:09 PDT"]
[Termination "Gabriel0298 venceu por desistência"]

1. c4 e6 2. g3 d5 3. cxd5 exd5 4. Bg2 Nf6 5. d4 c6 6. Nf3 Bb4+ 7. Bd2 Bxd2+ 8.
Nbxd2 O-O 9. O-O Bg4 10. e3 Nbd7 11. Qb3 Qc7 12. Rfe1 Rfe8 13. h3 Bh5 14. g4 Bg6 15. Nh4 Be4 16. Nxe4 Nxe4 17. Bxe4 Rxe4 18. Qd3 h5 19. f3 Qg3+ 20. Kf1 Qxh3+ 21. Ng2 Qxf3+ 22. Kg1 Rxg4 23. Re2 Nf6 24. Rf2 Qh3 25. Qe2 Ne4 26.
Rf3 Ng3 27. Kf2 Qxg2+ 0-1

[Event "Live Chess"]
[Site "Chess.com"]
[Date "2023.09.16"]
[Round "-"]
[White "GilbertoGOFaria"]
[Black "Miinero"]
[Result "0-1"]
[WhiteElo "1626"]
[BlackElo "1931"]
[TimeControl "900+5"]
[EndTime "16:24:16 PDT"]
[Termination "Miinero venceu por xeque-mate"]

1. c4 e5 2. Nc3 f5 3. e3 Nf6 4. d4 e4 5. Be2 Bb4 6. Nh3 O-O 7. Nf4 c6 8. f3 Bxc3+ 9. bxc3 d5 10. Qb3 Kh8 11.
Ba3 Re8 12. Kd2 dxc4 13. Bxc4 b5 14. Bf7 Na6 15. Bxe8 Qxe8 16. Nh3 exf3 17. Ng5 Nd5 18. Rae1 fxg2 19. Rhg1 h6 20. Nf3 Qe4 21. Ne5 f4 22. exf4 Qxf4+ 23. Ke2 Qe3+ 24. Kd1 Qxc3 25. Qxc3 Nxc3+ 26. Kc2 Nd5 27. Ng6+ Kh7 28. Rxg2 Bf5+ 29. Kb3 Bxg6 30.
Reg1 Nf4 31. Rg4 Bf7+ 32. Kc2 g5 33. Bd6 Nd5 34. Kb2 Re8 35. Be5 Nab4 36. Ka3 Nc2+ 37. Kb2 Nce3 38. R4g3 Nc4+ 39. Ka1 Nxe5 40. h4 Ng6 41.
hxg5 hxg5 42. Rf3 Kg7 43. Rgf1 Ngf4 44. Rg3 Kg6 45. Kb1 Re2 46. Rfg1 Ne6 47. Ra3 Nxd4 48. Rxa7 Nc3+ 49. Kc1 Nxa2+ 50. Kd1 Nc3+ 51. Kc1 Nb3# 0-1

[Event "Live Chess"]
[Site "Chess.com"]
[Date "2023.09.16"]
[Round "-"]
[White "silvaaps"]
[Black "guto-XVI"]
[Result "1-0"]
[WhiteElo "783"]
[BlackElo "1465"]
[TimeControl "900+5"]
[EndTime "16:24:24 PDT"]
[Termination "silvaaps venceu por desistência"]

1. e4 c5 2. Bc4 Nc6 3. Qf3 e6 4. Bb5 Nd4 5. Qd3 a6 6. Bc4 b5 7. Bb3 Nxb3 8. Qxb3 Bb7 9. f3 Be7 10. Ne2 Nf6 11. O-O h5 12. d3 Qc7 13. Bf4 Bd6 14. Bxd6 Qxd6 15. Nd2 h4 16. f4 e5 17. f5 h3 18. g3 Bc6 19. c4 b4 20. a3 Qc7 21.
axb4 Qb7 22. bxc5 Qxb3 23. Nxb3 Rb8 24. Na5 Rxb2 25. Nxc6 dxc6 26. Rfe1 Ng4 27. Rxa6 Rd2 28. Ra8+ 1-0

[Event "Live Chess"]
[Site "Chess.com"]
[Date "2023.09.16"]
[Round "-"]
[White "FerreiraPedro"]
[Black "Joasgodoy"]
[Result "1-0"]
[WhiteElo "1397"]
[BlackElo "675"]
[TimeControl "900+5"]
[EndTime "16:26:26 PDT"]
[Termination "FerreiraPedro venceu por desistência"]

1. e4 Nc6 2. d4 d5 3. Nc3 Nf6 4.
e5 Ne4 5. Nxe4 dxe4 6. Be3 e6 7. Bb5 Bd7 8. c4 Nb4 9. Bxd7+ Qxd7 10. Qb3 Nd3+ 11. Kd2 Bc5 12. Ne2 Bxd4 13. Nxd4 Nc5 14. Qb5 Qxb5 15. Nxb5 O-O-O+ 16. Kc2 Rd3 17. Bxc5 Rhd8 18.
Rhd1 Rxd1 19. Rxd1 Rxd1 20. Kxd1 1-0

[Event "Live Chess"]
[Site "Chess.com"]
[Date "2023.09.16"]
[Round "-"]
[White "Japaawz"]
[Black "Luisgustavo100"]
[Result "0-1"]
[WhiteElo "412"]
[BlackElo "945"]
[TimeControl "900+5"]
[EndTime "16:26:36 PDT"]
[Termination "Luisgustavo100 venceu por xeque-mate"]

1. c3 c5 2. Na3 d5 3. g3 Nf6 4. Nf3 Nc6 5. d4 cxd4 6. cxd4 Ne4 7. e3 e6 8. Bd3 Qf6 9. Bb5 Bb4+ 10. Bd2 Bxd2+ 11. Nxd2 Qxf2# 0-1

[Event "Live Chess"]
[Site "Chess.com"]
[Date "2023.09.16"]
[Round "-"]
[White "Jonas_Rodrigues"]
[Black "Cantalicioo"]
[Result "0-1"]
[WhiteElo "1275"]
[BlackElo "1603"]
[TimeControl "900+5"]
[EndTime "16:27:37 PDT"]
[Termination "Cantalicioo venceu por xeque-mate"]

1. e4 c5 2. d4 cxd4 3. Bc4 Nc6 4. Nf3 e5 5. O-O Nf6 6. Re1 Bc5 7. c3 O-O 8. cxd4 Nxd4 9. Nxe5 d6 10. Nf3 Bg4 11.
Re3 Nc2 12. Qxc2 Bxe3 13. fxe3 Bxf3 14. gxf3 Re8 15. Nc3 Rc8 16. Nd5 Nxd5 17. exd5 b5 18. Bd2 Rxc4 19. Bc3 b4 20. Qb3 Qg5+ 21. Kf2 Qxe3+ 22.
Kg3 Qg5+ 23. Kf2 Rh4 24. Bxb4 Rxh2+ 25. Kf1 Qg2# 0-1

[Event "Live Chess"]
[Site "Chess.com"]
[Date "2023.09.16"]
[Round "-"]
[White "guto-XVI"]
[Black "GilbertoGOFaria"]
[Result "0-1"]
[WhiteElo "1456"]
[BlackElo "1635"]
[TimeControl "900+5"]
[EndTime "16:27:42 PDT"]
[Termination "GilbertoGOFaria venceu por desistência"]

1. Nf3 d5 2. c4 dxc4 3. e3 g6 4. Bxc4 Bg7 5. Nc3 Nf6 6. d4 O-O 7. O-O Bf5 8. Nh4 Bd7 9. Bb3 c6 10. Bc2 Qc7 11. e4 e5 12. dxe5 Qxe5 13. g3 0-1

[Event "Live Chess"]
[Site "Chess.com"]
[Date "2023.09.16"]
[Round "-"]
[White "Gustavoksbr"]
[Black "Gabriel0298"]
[Result "1-0"]
[WhiteElo "1910"]
[BlackElo "1599"]
[TimeControl "900+5"]
[EndTime "16:28:28 PDT"]
[Termination "Gustavoksbr venceu por desistência"]

1. e4 e6 2. d4 d5 3. e5 c5 4. c3 Nc6 5. Nf3 Qb6 6. Bd3 Bd7 7. O-O cxd4 8. cxd4 Nxd4 9. Nxd4 Qxd4 10. Nc3 Bb4 11. Be3 Qxe5 12. Nb5 Bxb5 13. Bxb5+ Ke7 14. Qg4 Bd6 15. g3 f5 16. Qh4+ Nf6 17. Bd3 h6 18.
Qa4 Ng4 19. Bd4 b5 20. Bxb5 Qe4 21. f3 1-0

[Event "Live Chess"]
[Site "Chess.com"]
[Date "2023.09.16"]
[Round "-"]
[White "Tercette"]
[Black "Fellipezin"]
[Result "0-1"]
[WhiteElo "157"]
[BlackElo "1593"]
[TimeControl "900+5"]
[EndTime "16:28:39 PDT"]
[Termination "Fellipezin venceu por xeque-mate"]

1. e4 c5 2. Bc4 e6 3. Qh5 Nf6 4.
Qxc5 Bxc5 5. e5 Ne4 6. Nf3 Bxf2+ 7. Ke2 Bb6 8. Ng5 Nxg5 9. d4 d5 10. Bd3 Bxd4 11. h4 Ne4 12. Bxe4 dxe4 13. Bg5 Qa5 14. Bd2 Qb5+ 15. Kd1 Qxe5 16. c3 Qh5+ 17.
Kc2 Bf6 18. Rg1 e5 19. g4 Bxg4 20. Na3 Bf5 21. Nb5 e3+ 22. Kc1 exd2+ 23. Kxd2 Na6 24.
Nc7+ Nxc7 25. Rae1 Rd8+ 26. Kc1 Qh6+ 27. Re3 Qxe3# 0-1

[Event "Live Chess"]
[Site "Chess.com"]
[Date "2023.09.16"]
[Round "-"]
[White "Yurxx21"]
[Black "Larissa1413"]
[Result "0-1"]
[WhiteElo "1491"]
[BlackElo "1918"]
[TimeControl "900+5"]
[EndTime "16:28:43 PDT"]
[Termination "Larissa1413 venceu por desistência"]

1. e4 e6 2. d4 d5 3. Nc3 Nf6 4. exd5 exd5 5. Nf3 Bb4 6. Bd2 Nc6 7.
a3 Ba5 8. b4 Bb6 9. Be3 O-O 10.
Na4 Ne4 11. Nxb6 axb6 12. Bd3 Bg4 13. O-O Qf6 14. h3 Bh5 15. Be2 Nc3 16. Qd3 Nxe2+ 17. Qxe2 Rfe8 18. Qd3 Bxf3 19. gxf3 Qxf3 20. Kh2 Ne7 21.
Rg1 Ng6 22. Rg3 Qf6 23. Rag1 Kh8 24. R3g2 Nf4 25. Bxf4 Qxf4+ 26. Kh1 g6 27. Rg3 Re4 28. Rf3 Qh4 29. c4 Rxd4 30. Qe3 Re4 31. Qc3+ d4 32. Qd3 f5 33. Rgg3 Rae8 34. Kg2 c5 35.
bxc5 bxc5 36. Qb3 Qe7 37. Qb6 Re1 38. a4 Rf8 39. a5 Ra1 0-1

[Event "Live Chess"]
[Site "Chess.com"]
[Date "2023.09.16"]
[Round "-"]
[White "ViniciusBritoFc"]
[Black "Lucas-LGM"]
[Result "0-1"]
[WhiteElo "1192"]
[BlackElo "1571"]
[TimeControl "900+5"]
[EndTime "16:29:04 PDT"]
[Termination "Lucas-LGM venceu por xeque-mate"]

1. c4 e5 2. a3 Nc6 3. Nc3 Nf6 4. e4 Be7 5. b4 O-O 6. Nf3 a6 7. b5 axb5 8. cxb5 Nd4 9. Nxe5 d5 10. exd5 Nxd5 11. Nxd5 Qxd5 12. Nf3 Nxb5 13. Bxb5 Qxb5 14. a4 Qd3 15. Ne5 Qe4+ 16. Qe2 Qxe2+ 17. Kxe2 Bf6 18. Bb2 Re8 19. f4 g5 20. g3 h5 21. Kf2 gxf4 22. gxf4 Bxe5 23. Bxe5 Bf5 24. Rhg1+ Kh7 25. Bxc7 Rac8 26. Rac1 Re7 27. Bd6 Rxc1 28. Rxc1 Rd7 29.
Bb4 Rd4 30. Bc3 Rxf4+ 31. Ke3 Rxa4 32. Rf1 Bg6 33. d4 b5 34. d5 Ra3 35. Kd4 Ra4+ 36.
Kc5 Rc4+ 37. Kxb5 Rxc3 38. Rd1 Rd3 39. Rxd3 Bxd3+ 40. Kc6 Bf5 41. d6 Kg6 42. d7 Bxd7+ 43. Kxd7 f5 44. Ke6 f4 45. Ke5 f3 46. Ke4 f2 47. h4 f1=Q 48. Ke3 Qh3+ 49. Ke4 Qxh4+ 50.
Ke5 Qf6+ 51. Ke4 h4 52. Ke3 h3 53. Ke4 h2 54. Kd5 h1=Q+ 55. Kc4 Qd6 56. Kc3 Qc1+ 57.
Kb3 Qb6+ 58. Ka2 Qcb2# 0-1

[Event "Live Chess"]
[Site "Chess.com"]
[Date "2023.09.16"]
[Round "-"]
[White "CroNmo"]
[Black "angelinho2006"]
[Result "1-0"]
[WhiteElo "1848"]
[BlackElo "2077"]
[TimeControl "900+5"]
[EndTime "16:29:18 PDT"]
[Termination "CroNmo venceu por desistência"]

1. e4 c5 2. Nf3 e6 3. d4 cxd4 4. Nxd4 Nc6 5. Nxc6 bxc6 6. Nc3 Nf6 7. Bd3 d5 8. exd5 cxd5 9. O-O Be7 10. Qf3 O-O 11.
Bg5 Rb8 12. b3 h6 13. Bf4 Rb4 14. a3 Rb6 15. Rad1 Bd6 16. Bxd6 Qxd6 17. Na4 Rb8 18.
Qg3 Qxg3 19. hxg3 e5 20. Nc5 e4 21.
Be2 Bf5 22. g4 Bg6 23. Rd2 a5 24. a4 Rfc8 25. Na6 Rb6 26. Bb5 Rc3 27. b4 axb4 28.
Nxb4 Rc5 29. Rb1 Rd6 30. Na6 Rc8 31. Nb4 Rcd8 32. Nc6 R8d7 33. Ne5 Rc7 34. Nxg6 fxg6 35. a5 Nxg4 36. a6 d4 37. Ra1 Ra7 38. Re1 Nf6 39. Red1 Rc7 40. Rxd4 Rb6 41. Rd8+ Kh7 42. c4 Ng4 43.
R1d7 Rc5 44. a7 Rbxb5 45. cxb5 Rc1+ 46. Rd1 Rxd1+ 47. Rxd1 1-0

[Event "Live Chess"]
[Site "Chess.com"]
[Date "2023.09.16"]
[Round "-"]
[White "stopgivingup"]
[Black "MNPedroh"]
[Result "0-1"]
[WhiteElo "975"]
[BlackElo "1852"]
[TimeControl "900+5"]
[EndTime "16:29:32 PDT"]
[Termination "MNPedroh venceu por xeque-mate"]

1. c4 Nf6 2. Nc3 e6 3. g3 d5 4.
e3 c6 5. Bg2 Bd6 6. d4 dxc4 7.
Nge2 O-O 8. Bd2 Nbd7 9. O-O e5 10.
Qc2 Re8 11. Rad1 Qc7 12. Be4 Nxe4 13. Nxe4 exd4 14. Nxd6 Qxd6 15. Nxd4 Ne5 16. Bc3 Nd3 17. b3 b5 18. a4 a6 19. Nf5 Bxf5 20. bxc4 bxc4 21.
Ba1 Bh3 22. Qc3 Qf6 23. Qxc4 Qf3 24. Qxd3 Qg2# 0-1

[Event "Live Chess"]
[Site "Chess.com"]
[Date "2023.09.16"]
[Round "-"]
[White "Miinero"]
[Black "silvaaps"]
[Result "1-0"]
[WhiteElo "1931"]
[BlackElo "783"]
[TimeControl "900+5"]
[EndTime "16:30:03 PDT"]
[Termination "Miinero venceu por desistência"]

1. e4 d5 2. exd5 Qxd5 3. Nc3 Qe6+ 4. Be2 Nc6 5. Nf3 Qg6 6. d4 Bg4 7. Be3 Bxf3 8. Bxf3 O-O-O 9. d5 Ne5 10. O-O Nxf3+ 11.
Qxf3 Qxc2 12. Rfc1 Qxb2 13. Rab1 Qa3 14. Nb5 Qxa2 15.
Rxc7+ Kb8 16. Rxb7+ Kxb7 17. d6+ Kc8 18. Qc6+ Kb8 19.
Nxa7+ Qxb1+ 20. Bc1 Kxa7 21. g3 Qb6 22. Be3 Rb8 23. d7 Ka6 24. Bxb6 Rxb6 25. Qa8+ Kb5 26. d8=Q Rd6 27. Qb7+ Kc5 28. Qa5+ Kd4 29. Qbb4+ Kd3 30.
Qaa3+ 1-0

[Event "Live Chess"]
[Site "Chess.com"]
[Date "2023.09.16"]
[Round "-"]
[White "Ferazo"]
[Black "Mateus_Claudius"]
[Result "0-1"]
[WhiteElo "1403"]
[BlackElo "1358"]
[TimeControl "900+5"]
[EndTime "16:31:00 PDT"]
[Termination "Mateus_Claudius venceu por desistência"]

1. c4 Nf6 2. Nc3 e6 3. Nf3 d5 4.
cxd5 exd5 5. d4 c6 6. Bf4 Bd6 7. Bg3 O-O 8. Qc2 Re8 9. e3 c5 10. Bd3 cxd4 11. Nxd4 Nc6 12. Nf5 Bxg3 13. Nxg3 Nb4 14.
Qd2 Nxd3+ 15. Qxd3 d4 16. Rd1 Bg4 17. f3 dxc3 18.
Qxd8 Raxd8 19. Rxd8 Rxd8 20. fxg4 cxb2 21. Ke2 Rc8 22.
Kd2 Nxg4 23. h3 Nxe3 24. Rb1 Nxg2 25. Rxb2 b6 26. Ne2 Rd8+ 27. Kc3 f5 28. Nd4 Nh4 29. Ne6 Rc8+ 30. Kb4 h6 31. Kb5 g5 32. Ka6 Re8 33.
Kxa7 Rxe6 34. Rxb6 Rxb6 35. Kxb6 g4 36. a4 g3 0-1

[Event "Live Chess"]
[Site "Chess.com"]
[Date "2023.09.16"]
[Round "-"]
[White "CroNmo"]
[Black "Lucas-LGM"]
[Result "1-0"]
[WhiteElo "1851"]
[BlackElo "1568"]
[TimeControl "900+5"]
[EndTime "16:32:19 PDT"]
[Termination "CroNmo venceu por desistência"]

1. d4 Nf6 2. c4 d5 3. cxd5 Nxd5 4. e4 Nb6 5. Nc3 g6 6. Nf3 Bg7 7. Be2 e6 8. O-O O-O 9. b3 Nc6 10. Be3 Qe7 11. Rc1 Nd7 12. d5 exd5 13. exd5 Nce5 14.
Nxe5 Qxe5 15. Bf3 Nf6 16. Re1 Qd6 17. Nb5 Qd7 18. Nxc7 Rb8 19. d6 a6 20. Ba7 1-0

[Event "Live Chess"]
[Site "Chess.com"]
[Date "2023.09.16"]
[Round "-"]
[White "Sophowl"]
[Black "samurai0718"]
[Result "0-1"]
[WhiteElo "256"]
[BlackElo "1348"]
[TimeControl "900+5"]
[EndTime "16:32:38 PDT"]
[Termination "samurai0718 venceu por xeque-mate"]

1. d4 Nf6 2. e4 d6 3. f3 g6 4. c3 Bg7 5. Bc4 O-O 6. h4 Nc6 7. b3 e5 8. Bg5 Ne7 9. Rh3 Bxh3 10. gxh3 Qd7 11. dxe5 Ne8 12. a4 Bxe5 13. Bb5 c6 14.
Bc4 Bg3+ 15. Ke2 b5 16. axb5 cxb5 17. Bd5 Nxd5 18. exd5 Nc7 19. Ra5 Rfe8+ 20. Kf1 Re1+ 21. Qxe1 Bxe1 22. Kxe1 Nxd5 23. Ne2 a6 24. c4 Qxh3 25. Ng1 Re8+ 26. Kd1 Qf1+ 27. Kc2 Qf2+ 28. Bd2 Qxg1 29. Nc3 Nb4+ 30. Kb2 Qd4 31. Ka3 Nc2+ 32. Ka2 Qxd2 33. Rxa6 Nb4+ 34. Ka3 Nxa6 35. Nxb5 Qb4+ 36. Ka2 Re2+ 37.
Kb1 Qe1# 0-1